Description

Game 2 of the Homestory Cup finals on Rorschach

VOD

https://www.twitch.tv/videos/2812659826?t=10h48m58s

Build Order

Get SALT Encoding   

  11  0:33  Overlord  
  16  1:16  Hatchery  
  17  1:37  Spawning Pool  
  18  1:44  Extractor  
  19  2:11  Overlord  
  19  2:27  Queen x2  on pool finish
  23  2:28  Zergling x6  
  28  2:49  Adrenal Glands  
  29  2:51  Overlord  
  30  3:09  Queen  
  33  3:15  Overlord  
  44  3:48  Lair  
  46  3:57  Extractor x2  
  47  4:08  Extractor  
  44  3:59  Overlord  
  52  4:26  Baneling Nest  
  53  4:35  Zergling x8  
  58  4:47  Spire  on lair finish
  58  4:52  Hatchery  3rd
  60  5:09  Centrifugal Hooks  
  93  6:37  Hatchery  4th
Spawning Tool Build Advisor. Get it on Overwolf

Go to:

Details

  • Created by: harthy
  • Published on: Jul 10, 2026
  • Modified on: Jul 10, 2026
  • Patch: 5.0.16
  • Difficulty: Medium
Show
View Real Time Build Order
Export as new Build Order

Comments (1)

On Oct. 16, 2026, 2:08 p.m., anzu  said:

There's a few issues with this build order:
- SALT encoding is missing "33 Overlord" step.
- 44 3:59 Overlord step is out of order.
- 28 Adrenal Glands is wrong, should be Metabolic Boost (ling speed). Adrenal Glands requires Hive.
Here is the corrected SALT encoding (used Claude to generate):
```
%203690|spawningtool.com||~) @!?,!/ D-!D I.!K C/"*!?/":!@/":!@3";!C3";!C3";!C8"P#J9"R!?:#(!@=#.!?H#O"#J#X CJ#X CH#Z!?K$' CP$9 AQ$C!CQ$C!CQ$C!CQ$C!CV$N KV$S DX%(#My&D D
```

Create an account to comment!